← All builds
Suicide front / Armada / Factory first / OBSERVED BUILD

Standard suicide front

The role's default: factory first (mostly Bot Lab), pushing Rocketeer-led bot play into the middle to contest and hold the front, with an Advanced Metal Extractor around 9:36 as the natural transition.

Usually lab first (63%)

#raid #push · 1244 distinct matches · 126 players · 71% of Armada Suicide front games · team won 60% of 1476 · Recently observed

HOW TO PLAY IT

Key timing: Bot Lab by 0:20

  1. Open with mex and wind, drop Bot Lab immediately.
  2. Push out first "Centurion" as Pond's boost lands.
  3. Send "Rocketeer", "Centurion", "Pawn" mix to contest middle.
  4. Add Dragon's Teeth and Sentries to hold the line.
  5. Get Advanced Metal Extractor up as T2 nears.

Phase by phase

TYPICAL OF ITS 1244 GAMES
  1. 1
  2. 2
  3. 3
PLAY THE OPENING

Follow the example game's first 6:00 step by step: what to build now, what comes next, and where it goes. At 1× it keeps pace with your own game.

  1. 1

    Bot Lab first

    Order
    1. Bot LabBot Lab done ~0:20, middle half 0:20–0:33

    Some games also: mex (36%)

  2. 2

    Bot Lab to 5:00

    Economy
    • Metal Extractor5Mex
    • Wind Turbine4Wind
    Builders
    • Construction Bot3 Con bot
    • Lazarus2 Lazarus
    Army
    • Sentry4 Sentry
    • Rocketeer18 Rocketeer
    • Tick2 Tick
    • Centurion1 Centurion
    Other
    • Radar Tower1 Radar Tower

    Some games also: con turret (35%) · pawn (32%)

    By 5:00 in all: 5 mex · 4 wind

    The example game in this phase · 40 steps
    1. Construction BotCon bot
    2. Mex
    3. Wind
    4. TickTick
    5. SentrySentry
    6. Mex
    7. Construction BotCon bot
    8. Mex
    9. CenturionCenturion
    10. Mex
    11. SentrySentry
    12. Construction BotCon bot
    13. Wind
    14. Mex
    15. LazarusLazarus
    16. SentrySentry
    17. Wind
    18. RocketeerRocketeer ×3
    19. SentrySentry
    20. Con turret
    21. RocketeerRocketeer
    22. Radar TowerRadar Tower
    23. RocketeerRocketeer ×8
    24. Wind
    25. RocketeerRocketeer
    26. Wind
    27. RocketeerRocketeer
    28. Wind
    29. RocketeerRocketeer
    30. Wind
    31. RocketeerRocketeer
    32. Wind
    33. LazarusLazarus ×2
    34. Wind
    35. RocketeerRocketeer
    36. Energy storage
    37. RocketeerRocketeer ×2
    38. Con turret
    39. RocketeerRocketeer
    40. Radar TowerRadar Tower
  3. 3

    5:00 to 10:00

    Economy
    • Metal Extractor1Mex
    • Wind Turbine17Wind
    Builders
    • Construction Turret2 Con turret
    • Lazarus2 Lazarus
    • Construction Bot1 Con bot
    Army
    • Sentry1 Sentry
    • Rocketeer8 Rocketeer
    • Pawn1 Pawn

    Some games also: tick (48%) · Radar Tower (47%) · energy storage (46%) · centurion (45%) · Beamer (39%)

    By 10:00 in all: 6 mex · 23 wind · 1 energy storage · 3 con turret

    The example game in this phase · 87 steps
    1. RocketeerRocketeer
    2. BeamerBeamer
    3. Con turret
    4. RocketeerRocketeer
    5. Converter
    6. RocketeerRocketeer
    7. Wind
    8. RocketeerRocketeer
    9. Wind
    10. RocketeerRocketeer
    11. Wind
    12. Converter ×3
    13. Wind
    14. CenturionCenturion
    15. Wind
    16. CenturionCenturion
    17. Converter
    18. CenturionCenturion
    19. Converter
    20. Mex
    21. RocketeerRocketeer
    22. Converter
    23. RocketeerRocketeer ×2
    24. Wind
    25. RocketeerRocketeer
    26. Wind ×2
    27. RocketeerRocketeer
    28. Wind ×2
    29. RocketeerRocketeer
    30. Wind ×6
    31. PawnPawn
    32. Converter
    33. PawnPawn
    34. Converter
    35. PawnPawn ×10
    36. Con turret
    37. Construction BotCon bot ×3
    38. Sneaky PeteSneaky Pete
    39. Con turret
    40. Wind ×5
    41. Converter
    42. Wind
    43. Converter
    44. Wind ×5
    45. Advanced Metal ExtractorT2 mex ×2done 11:19
    46. Wind ×7
    47. PersecutorPersecutordone 13:34
    48. Wind ×5
    49. Advanced Metal ExtractorT2 mex
    50. Wind ×15
    51. Converter
    52. Advanced Metal ExtractorT2 mex
    53. Wind
    54. Converter
    55. Wind ×3
    56. Converter
    57. Wind ×2
    58. Fortification WallFortification Wall
    59. Converter
    60. Fortification WallFortification Wall
    61. Converter ×2
    62. Fortification WallFortification Wall
    63. Wind
    64. Fortification WallFortification Wall
    65. Converter ×2
    66. Fortification WallFortification Wall
    67. Converter
    68. Wind
    69. Fortification WallFortification Wall
    70. Converter
    71. BeamerBeamer
    72. Converter
    73. Wind
    74. Converter
    75. Fortification WallFortification Wall
    76. Wind
    77. Fortification WallFortification Wall ×2
    78. Wind
    79. Fortification WallFortification Wall
    80. BeamerBeamer
    81. Fortification WallFortification Wall ×4
    82. BeamerBeamer
    83. Converter
    84. Con turret
    85. Converter ×2
    86. Metal storage
    87. Con turret ×2

Counts are medians over the build's games: half of them build more, half fewer. The example game is TrapCaT's (42 OS, 19/09/2026); pick another.

Team trades

IN AT LEAST 30% OF ITS GAMES

You hand over

Nothing regular.

You get

  • Tidal Generator4 Tidal from Pondfirst at 0:10 · in 69% of games
  • Advanced Construction Bot1 T2 con bot from Geo or Techfirst at 7:30 · in 58% of games

How it plays out

Typical game of this build, running totals by minute

Metal produced

010k20k30k
0:005:0010:0015:00

metal

Enemy metal destroyed

05k10k
0:005:0010:0015:00

metal

Own metal lost

05k10k
0:005:0010:0015:00

metal

1476 games.

Show as table
ByMetal produced: This buildEnemy metal destroyed: This buildOwn metal lost: This build
1:0022600
2:0088800
3:002052173106
4:003161658487
5:00424314151020
6:00543323271786
7:00666831762727
8:00791340353627
9:00930148084496
10:001068454295313
11:001224658946034
12:001409665046820
13:001621470167535
14:001807476888398
15:002043282939278
WHAT THE NUMBERS SAY

Standard suicide front play wins slightly more than half its games with fast kills but also fast losses, matching the raw grind of the role.

  • + First kill lands by 2:04 in all games
  • + Metal produced reaches 19882 by 15:00
  • − Own metal lost hits 9208 by 15:00, near metal destroyed of 8172
  • − First unit lost as early as 2:08 in every game
THE EXAMPLE YOU ARE READING

TrapCaT

42.2 OS · 19/09/2026

Open source match ↗

7 received units · includes a constructor
97 metal received · 57190 energy received

Allied construction assistance is unknown. Timings are observations, not a promise of solo reproducibility.

Typical milestones

Bot Lab0:20Middle 50%: 0:20–0:33 · n=1470
Advanced Metal Extractor9:38Middle 50%: 8:42–10:48 · n=1084

Played most by

_X_252games of this buildPlatinumBlonde176games of this buildXad119games of this buildImmort67games of this buildwatermeloans58games of this build